 Dungeon Crawl Stone Soup version 0.20-a0-1015-g2ec8a95 (webtiles) character file.

940 Jakanory the Cleaver (level 7, 0/85 HPs)
             Began as a Minotaur Berserker on Apr 15, 2017.
             Was an Elder of Trog.
             Succumbed to anet's ghost's poison
             ... on level 5 of the Dungeon.
             The game lasted 00:08:54 (4150 turns).

Jakanory the Cleaver (Minotaur Berserker)           Turns: 4150, Time: 00:08:54

Health: 0/85       AC: 23    Str: 22    XL:     7   Next: 88%
Magic:  1/6        EV:  2    Int:  4    God:    Trog [****..]
Gold:   253        SH:  0    Dex: 11    Spells: 6/6 levels left

rFire    . . .     SeeInvis .   a - +1 hand axe
rCold    . . .     Gourm    .   (no shield)
rNeg     + + +     Faith    .   (armour currently unavailable)
rPois    +         Spirit   +   (helmet unavailable)
rElec    .         Reflect  .   (cloak currently unavailable)
rCorr    .         Harm     .   (gloves currently unavailable)
MR       .....     NoTele   +   (boots currently unavailable)
Stlth    +.........             n - amulet of guardian spirit
Regen    0.3/turn               (no ring)
MPRegen  0.1/turn               (no ring)

@: lethally poisoned (0 -> -9), exhausted, tree-form, slowed, very slow
A: (retaliatory headbutt)
a: Berserk, Trog's Hand, Brothers in Arms, Burn Spellbooks, Renounce Religion


You were on level 5 of the Dungeon.
You worshipped Trog.
Trog was greatly pleased with you.
You were near starving.
You were a tree.
You visited 2 branches of the dungeon, and saw 8 of its levels.

You collected 253 gold pieces.

Inventory:

Hand Weapons
 a - a +1 hand axe (weapon)
Armour
 p - a +0 pair of gloves (melded)
 u - a +0 scale mail
 A - a +0 ring mail of fire resistance (melded)
Jewellery
 n - an amulet of guardian spirit (around neck)
 y - an uncursed ring of ice
Wands
 b - a wand of disintegration (10/24)
 B - a wand of iceblast (6/15)
 D - a wand of lightning (12/15)
Scrolls
 e - a scroll of blinking {unknown}
 f - 2 scrolls of magic mapping
 h - a scroll of fog {unknown}
 j - a scroll of remove curse
 m - 4 scrolls of enchant weapon
 q - 4 scrolls of identify
 r - a scroll of teleportation
 t - a scroll of amnesia {unknown}
 v - a scroll of noise {unknown}
 w - 2 scrolls of enchant armour {unknown}
Potions
 g - a potion of flight {unknown}
 i - a potion of lignification
 k - 2 potions of resistance {unknown}
 l - a potion of berserk rage {unknown}
 s - 2 potions of mutation
 x - a potion of magic {unknown}
 z - a potion of curing {unknown}
 C - a potion of degeneration {unknown}
 F - a potion of brilliance {unknown}
 G - a potion of ambrosia {unknown}
Comestibles
 c - 10 bread rations
 d - 7 royal jellies
 o - a meat ration


   Skills:
 - Level 3.6 Fighting
 + Level 10.3 Axes
 - Level 5.1 Armour
 - Level 2.1 Dodging


You had 6 spell levels left.
You didn't know any spells.

Dungeon Overview and Level Annotations

Branches:
Dungeon (7/15)             Temple (1/1) D:5

Altars:
Ashenzari
Cheibriados
Dithmenos
Elyvilon
Fedhas
Gozag
Hepliaklqana
Kikubaaqudgha
Makhleb
Nemelex Xobeh
Okawaru
Qazlal
Ru
Sif Muna
Trog
Uskayaw
Wu Jian
Xom
Yredelemnul
Zin
The Shining One

Annotations:
D:5 Prince Ribbit; anet's ghost, novice DEWz


Innate Abilities, Weirdness & Mutations

((You reflexively headbutt those who attack you in melee.))
((You have a pair of large horns on your head.))
((You are partially covered in yellow scales. (AC +2)))


Message History

You feel strangely unstable.
* * * LOW HITPOINT WARNING * * *
You feel sick. Anet's ghost hits you.
* * * LOW HITPOINT WARNING * * *
Prince Ribbit misses you. Anet's ghost hits you.
* * * LOW HITPOINT WARNING * * *
Prince Ribbit closely misses you. You furiously retaliate!
You headbutt Prince Ribbit.
It was a potion of mutation.
You feel extremely strange.
Yellow scales grow over part of your body.
The horns on your head grow some more.
Your surroundings suddenly seem different.
* * * LOW HITPOINT WARNING * * *
You feel sick.
Okay, then.
It was a potion of lignification.
You turn into a tree.
Your +0 pair of gloves melds into your body.
Your +0 ring mail of fire resistance melds into your body.
You feel less resistant to fire.
Your roots penetrate the ground.
You die...

*,,,,* #.....# *.# ****,* #.....#
*#.## *,* #..<..# ##...# *,*
#.....# #....# ***,*
###.######....#**** *,,,*
##........#***,,,** *,***
#...####..#**,,,,,** #######,*
#.........#*,,,,,,,* ......#,*
###..♣..##.##*,*,_,*,*
#####.#,***#.......##.#*,,**,**,,
#####.#,,....###......#*,,,***,,,
...##.#**####*#....####**,,,,,,,*
##.##.# #.#### #,,,,,.., ##.##.#
##.## #.*,,*.** ......# #...#
**.#.##.* ##.#### #...# *,,.....*
#.## #...# #.*#.#.#*


There were no monsters in sight!

Vanquished Creatures
  Edmund (D:6)
  An ogre (D:7)
  A bullfrog (D:7)
  A howler monkey (D:5)
  2 crimson imps
  A hound (D:4)
  3 orc priests
  A bullfrog skeleton (D:4)
  A jelly (D:5)
  3 orc wizards
  A centaur skeleton (D:4)
  An iguana (D:5)
  A worker ant (D:4)
  A hound zombie (D:5)
  A hound skeleton (D:4)
  9 adders
  A shadow imp (D:5)
  An adder skeleton (D:4)
  2 adder zombies
  2 worms
  A dart slug (D:1)
  2 leopard geckos
  16 orcs
  2 ball pythons
  4 giant cockroaches
  8 goblins
  8 hobgoblins
  8 jackals
  3 quokkas
  5 bats
  6 frilled lizards
  7 kobolds
  4 rats
109 creatures vanquished.

Notes
Turn   | Place    | Note
-------+----------+-------------------------------------------
     0 | D:1      | Jakanory the Minotaur Berserker began the quest for the Orb.
     0 | D:1      | Reached XP level 1. HP: 19/19 MP: 0/0
   113 | D:1      | Reached skill level 4 in Axes
   325 | D:1      | Reached XP level 2. HP: 24/26 MP: 1/1
   763 | D:2      | Reached skill level 5 in Axes
   765 | D:2      | Reached XP level 3. HP: 21/31 MP: 2/2
   944 | D:2      | Reached ** piety under Trog
  1171 | D:2      | Found a snail-covered altar of Cheibriados.
  1188 | D:2      | Found a shadowy altar of Dithmenos.
  1268 | D:2      | Found a burning altar of Makhleb.
  1347 | D:2      | Reached skill level 6 in Axes
  1347 | D:2      | Reached XP level 4. HP: 22/39 MP: 3/3
  1534 | D:3      | Reached XP level 5. HP: 23/45 MP: 4/4
  2217 | D:3      | Reached *** piety under Trog
  2546 | D:4      | Reached skill level 5 in Armour
  2651 | D:4      | Reached XP level 6. HP: 51/51 MP: 5/5
  2656 | D:4      | Found a stormy altar of Qazlal.
  2742 | D:4      | Found an ornate altar of the Wu Jian Council.
  2773 | D:4      | You fall through a shaft for 3 floors!
  2811 | D:7      | Reached skill level 7 in Axes
  2942 | D:7      | Reached skill level 8 in Axes
  3215 | D:6      | Noticed Edmund
  3224 | D:6      | Killed Edmund
  3224 | D:6      | Reached XP level 7. HP: 57/57 MP: 6/6
  3288 | D:5      | Entered Level 5 of the Dungeon
  3373 | D:5      | Reached skill level 9 in Axes
  3634 | D:4      | Reached **** piety under Trog
  3854 | D:5      | Found a staircase to the Ecumenical Temple.
  3871 | D:5      | Reached skill level 10 in Axes
  3877 | Temple   | Entered the Ecumenical Temple
  4134 | D:5      | Noticed Prince Ribbit
  4134 | D:5      | Noticed anet's ghost (novice DEWz)
  4149 | D:5      | Gained mutation: You are partially covered in yellow scales. (AC +2) [potion of mutation]
  4149 | D:5      | Gained mutation: You have a pair of large horns on your head. [potion of mutation]
  4149 | D:5      | HP: 1/57 [poisoned by anet's ghost]
  4150 | D:5      | Succumbed to anet's ghost's poison

Vault maps used:
D:1:      dpeg_arrival_erosion
D:2:      grunt_temple_overflow_open, bloody_makhleb
D:3:      minmay_liquid_box, serial_park_tiny_1, minmay_misc_feat_doors,
          minmay_bisected
D:4:      minmay_wonky_spiral, nicolae_overflow_crystal_walls,
          grunt_qazlal_sundering
D:5:      temple_fountains, first_bread,
          nicolae_dithmenos_through_a_glass_darkly, uniq_prince_ribbit1
D:6:      cheibrodos_two_vegetables, minmay_misc_feat_rows, uniq_edmund
Temple:   kb_temple_of_zot

Skill      XL: |  1  2  3  4  5  6  7 |
---------------+----------------------+-----
Axes           | 4 5 6 8 10 | 10.3
Armour         | 3 5 |  5.1
Fighting       | |  3.6
Dodging        | |  2.1

Action                   |  1- 3 |  4- 6 |  7- 9 || total
-------------------------+-------+-------+-------++-------
Melee: Hand axe          |    59 |   119 |   107 ||   285
       Headbutt          |     9 |    18 |    16 ||    43
Invok: Berserk           |       |     3 |     1 ||     4
       Burn Spellbooks   |       |     1 |       ||     1
  Use: Scroll            |       |       |     6 ||     6
       Potion            |       |       |     2 ||     2
  Eat: Chunk             |     1 |     7 |     4 ||    12
Armor: Animal skin       |    15 |    18 |       ||    33
       Scale mail        |       |     7 |    32 ||    39
       Ring mail         |       |       |     3 ||     3
Dodge: Dodged            |    49 |    78 |    37 ||   164
